Map: Imperio eterno EE

Players

RMJ

  • Race: Protoss Protoss
  • League: Gold
  • Spawn Location: 1:00

MrFercho - Winner!

  • Race: Zerg Zerg
  • League: Gold
  • Spawn Location: 7:00

VOD

Have the link to the VOD?

Description

Time

  • Played on: Aug. 19, 2020, 7:35 p.m.
  • Length: 13:53
Show
View Real Time Build Order
Export as new Build Order

RMJ Protoss 

Build Orders:  

Get SALT Encoding   

  12  0:00  Probe (Chrono Boost)  
  13  0:12  Probe (Chrono Boost)  
  14  0:23  Pylon  
  14  0:25  Probe  
  15  0:41  Probe  
  16  0:48  Forge  
  16  0:53  Gateway  
  16  1:03  Pylon  
  16  1:07  Probe (Chrono Boost)  
  17  1:12  Assimilator  
  17  1:33  Gateway  
  17  1:40  Photon Cannon  
  17  1:45  Probe  
  18  1:49  Zealot  
  20  1:56  Assimilator  
  20  1:57  Probe  
  21  2:09  Probe  
  22  2:21  Cybernetics Core  
  22  2:37  Photon Cannon  
  22  2:47  Nexus  
  21  3:04  Warp Gate  
  21  3:06  Probe  
  22  3:14  Pylon  
  22  3:15  Protoss Ground Weapons Level 1  
  22  3:18  Probe  
  22  3:19  Adept (Chrono Boost)  
  25  3:25  Adept (Chrono Boost)  
  27  3:38  Twilight Council  
  28  3:41  Probe  
  28  3:45  Adept  
  30  3:59  Probe (Chrono Boost)  
  31  4:03  Probe (Chrono Boost)  
  33  4:12  Adept, Probe (Chrono Boost)  
  33  4:13  Probe (Chrono Boost)  
  32  4:50  Probe  
  33  4:55  Gateway  
  33  4:57  Gateway  
  33  4:58  Gateway  
  33  5:00  Pylon  
  33  5:05  Pylon, Probe (Chrono Boost)  
  34  5:08  Probe (Chrono Boost)  
  34  5:09  Pylon  
  34  5:12  Resonating Glaives (Chrono Boost)  
  34  5:14  Adept  
  37  5:18  Probe (Chrono Boost)  
  39  5:22  Probe (Chrono Boost)  
  39  5:23  Probe (Chrono Boost)  
  40  5:30  Stargate  
  40  5:34  Probe  
  41  5:38  Adept x2  
  45  5:46  Probe  
  46  5:58  Probe  
  46  6:00  Stalker  
  46  6:01  Stalker x2  
  53  6:10  Probe  
  54  6:16  Phoenix  
  56  6:21  Stalker x2  
  56  6:22  Probe  
  61  6:26  Assimilator  
  59  6:35  Probe  
  56  6:41  Phoenix  
  54  6:55  Robotics Facility  
  54  6:56  Robotics Facility  
  54  7:00  Zealot x3  
  54  7:01  Zealot x2  
  64  7:03  Probe (Chrono Boost)  
  65  7:11  Assimilator  
  65  7:13  Probe (Chrono Boost)  
  66  7:18  Probe (Chrono Boost)  
  66  7:20  Pylon  
  67  7:24  Pylon, Oracle  
  67  7:28  Charge  
  70  7:52  Protoss Ground Armor Level 1  
  70  7:56  Zealot x2  
  70  7:57  Zealot x2  
  78  8:03  Nexus  
  78  8:06  Pylon  
  78  8:07  Probe (Chrono Boost)  
  78  8:08  Pylon  
  79  8:17  Probe (Chrono Boost)  
  79  8:19  Pylon  
  80  8:22  Probe (Chrono Boost)  
  78  8:43  Robotics Bay  
  78  8:47  Immortal x2  
  86  8:54  Photon Cannon  
  86  8:55  Photon Cannon  
  86  9:02  Photon Cannon  
  86  9:07  Shield Battery  
  86  9:12  Photon Cannon x2  
  86  9:16  Probe  
  87  9:18  Zealot x3  
  93  9:28  Probe  
  94  9:38  Colossus  
  94  9:39  Colossus  
  94  9:40  Probe  
  94  9:43  Zealot  
  109  9:52  Probe  
  110  10:00  Protoss Shields Level 1  
  110  10:20  Stalker  
  110  10:21  Stalker x4  
  70  10:46  Stalker x3  
  70  10:47  Stalker x2  
  80  10:50  Probe  
  80  10:54  Assimilator  
  80  10:56  Warp Prism  
  83  10:58  Colossus  
  83  11:02  Probe  
  90  11:07  Photon Cannon  
  90  11:09  Assimilator  
  90  11:14  Shield Battery  
  90  11:15  Probe  
  91  11:26  Zealot  
  91  11:27  Probe (Chrono Boost), Zealot x2  
  98  11:37  Pylon  
  98  11:38  Probe (Chrono Boost)  
  99  11:43  Probe (Chrono Boost)  
  99  11:46  Probe  
  101  11:49  Pylon  
  101  11:52  Stalker x3  
  101  11:53  Probe  
  108  11:58  Probe  
  109  12:05  Pylon, Probe  
  109  12:08  Sentry  
  112  12:09  Sentry  
  112  12:10  Probe  
  115  12:18  Gateway x2  
  115  12:20  Gateway  
  115  12:22  Pylon, Probe  
  116  12:23  Photon Cannon  
  92  12:34  Zealot x3  
  92  12:35  Probe  
  91  12:41  Observer x2  
  93  12:52  Photon Cannon x2  
  93  12:56  Pylon  
  93  12:57  Probe (Chrono Boost)  
  94  13:03  Stalker x3  
  100  13:06  Phoenix  
  100  13:07  Probe (Chrono Boost)  
  100  13:12  Probe (Chrono Boost)  
  103  13:13  Zealot  
  103  13:14  Zealot  
  104  13:31  Zealot  
  104  13:32  Zealot x2  
Show
View Real Time Build Order
Export as new Build Order

MrFercho Zerg - Winner!

Build Orders: Hatch First, Lurkers, Roach Hydra 

Get SALT Encoding   

  12  0:00  Drone  
  13  0:14  Overlord  
  13  0:17  Drone  
  14  0:32  Drone x2  
  16  0:49  Hatchery  
  15  0:52  Drone  
  15  0:55  Drone  
  17  0:59  Drone  
  18  1:09  Extractor  
  17  1:16  Spawning Pool  
  17  1:18  Drone  
  17  1:22  Drone  
  18  1:31  Drone  
  19  1:56  Drone  
  19  1:57  Overlord  
  20  2:03  Queen x2  
  20  2:06  Zergling x4  
  26  2:32  Drone  
  26  2:33  Drone x3  
  30  2:53  Lair, Metabolic Boost  
  30  2:59  Queen  
  30  3:00  Drone  
  30  3:01  Overlord, Drone x2  
  30  3:03  Drone  
  36  3:06  Extractor  
  35  3:16  Evolution Chamber, Drone x2  
  36  3:42  Zerg Missile Weapons Level 1  
  36  3:43  Roach Warren  
  36  3:45  Drone x2  
  36  3:46  Drone x5  
  42  3:54  Zergling x4  
  44  4:02  Pneumatized Carapace  
  44  4:13  Overlord  
  44  4:14  Overlord  
  43  4:36  Zergling x4  
  43  4:37  Zergling x12  
  50  4:38  Glial Reconstitution  
  50  4:48  Queen  
  50  4:52  Drone x3  
  55  4:53  Drone  
  55  4:54  Drone x2  
  55  4:55  Extractor  
  57  5:04  Overseer  
  57  5:14  Overlord x2  
  57  5:23  Hatchery  
  57  5:25  Drone x3  
  57  5:26  Hydralisk Den  
  57  5:27  Overlord  
  57  5:28  Overlord  
  58  5:51  Drone x3  
  58  5:52  Drone x6  
  67  6:20  Roach x3  
  67  6:21  Roach x6  
  82  6:32  Zerg Missile Weapons Level 2  
  82  6:36  Roach x6  
  89  6:52  Muscular Augments  
  89  6:57  Drone  
  89  6:58  Drone x7  
  97  7:01  Extractor  
  97  7:02  Extractor  
  95  7:11  Extractor  
  95  7:14  Infestation Pit  
  93  7:19  Hatchery  
  93  7:20  Overlord x4  
  92  7:44  Drone x2, Spore Crawler  
  92  7:45  Drone x3  
  92  7:46  Drone  
  97  7:55  Spore Crawler  
  96  7:59  Overlord  
  96  8:03  Grooved Spines, Drone  
  96  8:04  Drone x7  
  104  8:15  Hatchery  
  104  8:16  Hive, Spire  
  102  8:21  Lurker Den  
  101  8:36  Spore Crawler  
  100  9:14  Hydralisk x13  
  100  9:16  Overlord x5  
  126  9:22  Zerg Ground Armor Level 1  
  126  9:24  Drone x2  
  126  9:31  Overlord x2  
  128  9:32  Overlord, Evolution Chamber  
  128  9:34  Overseer x2  
  128  9:35  Overseer  
  127  9:55  Zergling x28  
  127  9:59  Zerg Missile Weapons Level 3  
  141  10:12  Adaptive Talons  
  140  10:15  Greater Spire  
  117  10:32  Hydralisk x15  
  117  10:34  Overlord  
  117  10:35  Overlord  
  131  10:36  Zergling x2  
  129  10:57  Lurker x4  
  129  11:01  Roach x3  
  138  11:09  Seismic Spines  
  138  11:15  Overlord x2  
  138  11:16  Overlord  
  138  11:19  Overseer  
  138  11:20  Zerg Ground Armor Level 2  
  138  11:42  Hatchery  
  137  11:53  Queen  
  139  12:01  Drone x3  
  142  12:02  Spine Crawler  
  142  12:03  Spine Crawler  
  142  12:05  Spine Crawler  
  142  12:08  Spine Crawler, Drone x2  
  141  12:12  Drone  
  141  12:13  Drone x16  
  135  12:37  Lurker  
  135  12:38  Lurker x5  
  135  12:39  Lurker  
  135  12:40  Roach x10  
  135  12:41  Roach x8  
  178  12:44  Overlord  
  178  12:45  Overlord  
  178  13:00  Nydus Network  
Tags
 
League
GoldGold
Matchup
PvZ
Replay Pack
MrFercho
Spawn Locations
Cross Positions
Add a new tag
Caveats
  • Supply blocks, unpowered buildings, or Contaminate may cause inaccurate times.
  • Supply counts are checked every 10 seconds.